 Dungeon Crawl Stone Soup version 0.23.2-1-ga50397a6bc (webtiles) character file.

Game seed: 14885312491926353480

233 BorisKarlOrff the Poker (level 5, -3/47 HPs)
             Began as a Minotaur Chaos Knight on May 24, 2019.
             Was a Plaything of Xom.
             Succumbed to an orc wizard's poison
             ... on level 4 of the Dungeon.
             The game lasted 00:07:30 (2187 turns).

BorisKarlOrff the Poker (Minotaur Chaos Knight)     Turns: 2187, Time: 00:07:31

Health: -3/47      AC: 12    Str: 17    XL:     5   Next: 75%
Magic:  4/4        EV:  3    Int:  7    God:    Xom [*.....]
Gold:   135        SH: 16    Dex:  8    Spells: 4/4 levels left

rFire    . . .     SeeInvis .   a - +0 spear (chaos)
rCold    . . .     Gourm    .   e - +0 large shield
rNeg     + . .     Faith    .   j - +0 chain mail
rPois    .         Spirit   .   (helmet restricted)
rElec    .         Reflect  +   (no cloak)
rCorr    .         Harm     .   d - +2 pair of gloves
MR       .....                  (no boots)
Stlth    ..........             k - +4 amulet of reflection
HPRegen  0.15/turn              l - ring of positive energy
MPRegen  0.09/turn              (no ring)

@: lethally poisoned (-3 -> -61), especially stealthy
A: retaliatory headbutt, horns 2, blurry vision 1, clumsy 1, dopey 1, subdued
magic 1
a: Renounce Religion


You were on level 4 of the Dungeon.
You worshipped Xom.
You were a special plaything of Xom.
You were not hungry.

You visited 1 branch of the dungeon, and saw 4 of its levels.

You collected 135 gold pieces.

Inventory:

Hand Weapons
 a - a +0 spear of chaos (weapon)
Armour
 d - a +2 pair of gloves (worn)
 e - a +0 large shield (worn)
 j - a +0 chain mail (worn)
Jewellery
 k - a +4 amulet of reflection (around neck)
 l - a ring of positive energy (left hand)
Wands
 m - a wand of iceblast (9)
Scrolls
 b - 2 scrolls of identify
 g - a scroll of magic mapping {unknown}
 h - 2 scrolls of remove curse {unknown}
 i - 2 scrolls of enchant weapon {unknown}
 o - a scroll of blinking {unknown}
Potions
 f - 2 potions of lignification
Comestibles
 c - 2 rations


   Skills:
 + Level 4.8 Fighting
 + Level 5.4 Polearms
 + Level 3.5 Armour
 + Level 1.8 Dodging
 + Level 0.4 Stealth
 + Level 2.8 Shields


You had 4 spell levels left.
You didn't know any spells.
Your spell library was empty.

Dungeon Overview and Level Annotations

Branches:
Dungeon (4/15)
 Temple: D:4-7

Altars:
Xom


Innate Abilities, Weirdness & Mutations

You reflexively headbutt those who attack you in melee.
You have a pair of horns on your head.
Scrolls take you a little longer to read.
You are clumsy. (Dex -2)
You are dopey. (Int -2)
Your spells are a little easier to cast, but a little less powerful.


Message History

You bump into the rock wall.
You feel less confused.
You feel very sick. The orc wizard casts a spell at you.
The magic dart hits you. You block something's attack.
You swap places.
* * * LOW HITPOINT WARNING * * *
You feel very sick.
The orc wizard hits your quasit but does no damage.
Your quasit is poisoned.
Something misses your quasit.
The orc wizard completely misses your quasit.
* * * LOW HITPOINT WARNING * * *
You feel very sick.
* * * LOW HITPOINT WARNING * * *
You feel very sick.
The orc wizard barely misses your crimson imp.
Something misses your quasit. The orc wizard misses your crimson imp.
You die...
Xom laughs nastily!

#...#....##
###
#....$..#
##..##...#
#a.###....#
##o.#
#.....#
#..##
###...#
##55# #...#
#..## ...#
#@## #...
#..# #.##
##


You could see a worker ant, an orc wizard, a friendly quasit and a friendly
crimson imp.

Vanquished Creatures
  An orc priest (D:3)
  Jessica (D:2)
  An orc wizard (D:3)
  3 adders
  An ooze (D:3)
  3 worms
  2 dart slugs
  3 leopard geckos
  5 orcs (D:3)
  2 giant cockroaches
  5 goblins
  9 hobgoblins
  A jackal (D:3)
  3 quokkas
  8 bats
  6 frilled lizards
  4 kobolds
  7 rats
65 creatures vanquished.

Vanquished Creatures (collateral kills)
  A big kobold (D:3)
  An orc (D:3)
  3 jackals (D:3)
5 creatures vanquished.

Grand Total: 70 creatures vanquished

Notes
Turn   | Place    | Note
-------+----------+-------------------------------------------
     0 | D:1      | BorisKarlOrff the Minotaur Chaos Knight began the quest for
                  | the Orb.
     0 | D:1      | Reached XP level 1. HP: 19/19 MP: 0/0
   289 | D:1      | Reached XP level 2. HP: 23/27 MP: 1/1
   303 | D:1      | XOM: harmless Tloc miscast
   331 | D:1      | XOM is BORED!
   331 | D:1      | XOM: mild Tmut miscast
   626 | D:2      | Reached skill level 4 in Polearms
   682 | D:2      | Reached XP level 3. HP: 34/34 MP: 2/2
   779 | D:2      | Noticed Jessica
   784 | D:2      | Killed Jessica
   784 | D:2      | Reached skill level 1 in Shields
   814 | D:2      | Reached XP level 4. HP: 41/41 MP: 3/3
  1030 | D:2      | XOM: scenery: create altars
  1288 | D:3      | Reached skill level 5 in Polearms
  1288 | D:3      | Reached XP level 5. HP: 17/47 MP: 4/4
  1408 | D:3      | XOM: give mutations
  1408 | D:3      | Gained mutation: You are clumsy. (Dex -2) [Xom's mischief]
  1408 | D:3      | Gained mutation: Your spells are a little easier to cast,
                  | but a little less powerful. [Xom's mischief]
  1408 | D:3      | Gained mutation: Scrolls take you a little longer to read.
                  | [Xom's mischief]
  1408 | D:3      | Gained mutation: You are dopey. (Int -2) [Xom's mischief]
  1481 | D:3      | XOM: summons 1 hostile shadow creature
  1550 | D:3      | XOM: cast spell 'Summon Dragon'
  1954 | D:3      | XOM: noise
  2139 | D:4      | XOM: stealth player
  2159 | D:4      | XOM: noise
  2161 | D:4      | XOM: confusion
  2175 | D:4      | XOM: confusion
  2180 | D:4      | XOM: noise
  2181 | D:4      | XOM: summons 2 friendly demons
  2186 | D:4      | HP: 2/47 [poisoned by an orc wizard]
  2187 | D:4      | Succumbed to an orc wizard's poison

Skill      XL: |  1  2  3  4 |
---------------+-------------+-----
Fighting       | 4 |  4.8
Polearms       | 4 5 |  5.4
Shields        | 1 2 |  2.8
Armour         | 3 |  3.5
Dodging        | |  1.8
Stealth        | |  0.4

Action                   |  1- 3 |  4- 6 || total
-------------------------+-------+-------++-------
Melee: Spear             |    94 |   124 ||   218
       Headbutt          |    15 |    10 ||    25
  Use: Scroll            |     1 |       ||     1
       Potion            |       |     4 ||     4
 Stab: Confused          |       |     2 ||     2
  Eat: Ration            |       |     2 ||     2
Armor: Leather armour    |    14 |       ||    14
       Chain mail        |    16 |    54 ||    70
Dodge: Dodged            |    15 |     8 ||    23
Block: Large shield      |    52 |    90 ||   142
